 Dungeon Crawl Stone Soup version 0.28-a0-10-g964c8b829e (webtiles) character file.

Game seed: 15787470293511263584

871 tilp the Sneak (level 7, 31/31 HPs)
             Began as a Felid Hedge Wizard on July 25, 2021.
             Quit the game on level 8 of the Dungeon.
             The game lasted 00:20:04 (13322 turns).

tilp the Sneak (Felid Hedge Wizard)                Turns: 13322, Time: 00:20:05

Health: 31/31      AC:  2    Str:  6    XL:     7   Next: 73%
Magic:  12/12      EV: 19    Int: 17    God:
Gold:   313        SH:  0    Dex: 16    Spells: 5/12 levels left
                                        Lives:  1   Deaths: 1

rFire   . . .      SeeInvis +     - Unarmed
rCold   . . .      Faith    .   (shield unavailable)
rNeg    . . .      Spirit   .   (armour unavailable)
rPois   .          Reflect  .   (helmet unavailable)
rElec   .          Harm     .   (cloak unavailable)
rCorr   .          Rampage  .   (gloves unavailable)
Will    +....                   (boots unavailable)
Stlth   +++.......              g - amulet of regeneration
HPRegen 1.10/turn               (no ring)
MPRegen 0.13/turn               (no ring)

@: quick
A: very small, claws 1, fangs 3, see invisible, speed 1, shaggy fur 2, stealthy
paws, no weapons or thrown items, no armour, multi-lived
a: no special abilities


You were on level 8 of the Dungeon.
You visited 2 branches of the dungeon, and saw 9 of its levels.

You collected 313 gold pieces.

Inventory:

Jewellery
 g - an amulet of regeneration (around neck)
 k - an amulet of the acrobat
Wands
 f - a wand of polymorph (8)
 j - a wand of mindburst (19)
 m - a wand of iceblast (14)
Scrolls
 b - a scroll of amnesia
 c - 4 scrolls of teleportation
 d - a scroll of fear
 h - 4 scrolls of vulnerability
 l - a scroll of fog
 n - a scroll of immolation
Potions
 a - 2 potions of attraction
 e - 2 potions of heal wounds
 i - a potion of might {unknown}
 o - 2 potions of lignification {unknown}
 p - a potion of flight {unknown}


   Skills:
 + Level 3.4 Fighting
 + Level 5.5 Dodging
 + Level 5.8 Stealth
 + Level 4.9 Unarmed Combat
 - Level 3.0 Spellcasting
 + Level 4.8 Conjurations
 - Level 4.0 Hexes
 - Level 2.0 Summonings
 - Level 2.0 Translocations
 - Level 4.0 Evocations


You had 5 spell levels left.
You knew the following spells:

 Your Spells              Type           Power      Damage    Failure   Level
a - Magic Dart            Conj           72%        1d6       2%          1
b - Call Imp              Summ           9%         N/A       12%         2
c - Blink                 Tloc           N/A        N/A       12%         2
d - Ensorcelled Hibernat  Hex/Ice        18%        N/A       12%         2

Your spell library contained the following spells:

 Spells                   Type           Power      Damage    Failure   Level
 Slow                     Hex            16%        N/A       4%          2
 Apportation              Tloc           18%        N/A       8%          1
 Conjure Flame            Conj/Fire      10%        6-21      21%         3
 Stone Arrow              Conj/Erth      20%        3d8       21%         3
 Mephitic Cloud           Conj/Pois/Air  8%         N/A       26%         3
 Spider Form              Tmut/Pois      1%         N/A       45%         3
 Iskenderun's Battlesphe  Conj           18%        2d7       56%         5
 Summon Ice Beast         Ice/Summ       5%         N/A       75%         4
 Summon Mana Viper        Hex/Summ       12%        N/A       80%         5
 Fireball                 Conj/Fire      5%         3d5       88%         5
 Manifold Assault         Tloc           9%         N/A       91%         5
 Bolt of Magma            Conj/Fire/Erth 4%         4d5       94%         5
 Conjure Ball Lightning   Conj/Air       5%         3x3d6     100%        6
 Eringya's Noxious Bog    Tmut/Pois      1%         N/A       100%        6
 Shadow Creatures         Summ           N/A        N/A       100%        6
 Monstrous Menagerie      Summ           4%         N/A       100%        7
 Orb of Destruction       Conj           9%         9d4       100%        7
 Shatter                  Erth           1%         3d5*      100%        9


Dungeon Overview and Level Annotations

Branches:
Dungeon (8/15)             Temple (1/1) D:7
   Lair: D:8-11

Altars:
Dithmenos
Gozag
Makhleb
Nemelex Xobeh
Okawaru
Qazlal
Ru
Trog
Wu Jian
Yredelemnul
Zin
The Shining One

Shops:
D:5 (   D:7 [*

Annotations:
D:6 Sigmund
D:7 2 transporters, Goblin1989's ghost, weakling DsDe
D:8 Joseph


Innate Abilities, Weirdness & Mutations

You have sharp claws.
You have razor-sharp teeth.
You have supernaturally acute eyesight. (SInv)
You cover ground quickly. (Speed+)
You are covered in thick fur. (AC +2)
Your paws help you pounce on unaware monsters.
You are incapable of wielding weapons or throwing items.
You cannot wear armour.
You gain extra lives every three experience levels.


Message History

Nothing appears to happen.
Unknown command.
Casting: Ensorcelled Hibernation (safe; 12% risk of failure)
Confirm with . or Enter, or press ? or * to list all spells.
Aiming: Ensorcelled Hibernation (safe; 12% risk of failure)
Press: ? - help, Shift-Dir - straight line, f/p - hornet
Aim: a hornet (chance to affect: 32%)
The hornet looks drowsy...
Unknown command.
The helpless hornet fails to defend itself.
You mangle the hornet!!
The hornet is almost dead.
The hornet stings you!
You are poisoned.
You feel yourself slow down.
You closely miss the hornet.
The hornet is almost dead.
You feel very sick. The hornet closely misses you. x2
You scratch the hornet.
The hornet is almost dead.
You feel yourself speed up.
You feel very sick. The hornet misses you. The hornet stings you!
* * * LOW HITPOINT WARNING * * *
You are lethally poisoned!
You feel yourself slow down.
You closely miss the hornet.
The hornet is almost dead.
You die...
You feel very sick.
The hornet stings you but does no damage.
The hornet closely misses you. The hornet misses you.
You are now level 7!
You rejoin the land of the living...
Unknown command.
Unknown command.
Unknown command.
Unknown command.
Are you sure you want to abandon this character and quit the game? (Confirm with "yes".)

..... .# ......
.####...@.......
.##.............
#.##............. ###
#.###..........(.
#..##(...............
##...#................
#....@................
#.....................
#.......####..........
#.......# ##.........
#........ ##........
#......... #........
#.........# ##.......
#.......... ##.....#
##...##


There were no monsters in sight!

Vanquished Creatures
  A steam dragon (D:7)
  2 water moccasins
  A sky beast (D:7)
  An ice beast (D:5)
  A necrophage (D:5)
  2 centaurs
  An ogre (D:6)
  A scorpion (D:5)
  A wyvern zombie (D:6)
  A bullfrog zombie (D:5)
  2 centaur skeletons
  A bullfrog skeleton (D:5)
  2 hounds
  An iguana (D:5)
  A killer bee zombie (D:7)
  A hound skeleton (D:5)
  2 gnolls (D:2)
  2 adders
  A shadow imp (D:6)
  A white imp (D:7)
  A worm (D:2)
  A dart slug (D:2)
  5 orcs
  5 endoplasms
  4 giant cockroaches
  8 goblins
  7 hobgoblins
  11 jackals
  9 kobolds
  2 quokkas
  9 ball pythons
  10 bats
  A frilled lizard (D:2)
  6 rats
105 creatures vanquished.

Vanquished Creatures (collateral kills)
  A water moccasin (D:5)
  A hornet zombie (D:7)
  An ogre (D:5)
  A phantom (D:5)
  A kobold brigand (D:7)
  A bullfrog (D:7)
  A bullfrog skeleton (D:5)
  A jelly (D:4)
  An iguana (D:5)
  An orc wizard (D:7)
  Terence (D:3)
  A killer bee zombie (D:8)
  A hound zombie (D:5)
  6 gnolls
  8 adders
  A white imp (D:4)
  An adder skeleton (D:4)
  A worm (D:2)
  2 orcs (D:7)
  2 endoplasms
  A frilled lizard (D:3)
  A kobold (D:7)
36 creatures vanquished.

Grand Total: 141 creatures vanquished

Notes
Turn   | Place    | Note
-------+----------+-------------------------------------------
     0 | D:1      | tilp the Felid Hedge Wizard began the quest for the Orb.
     0 | D:1      | Reached XP level 1. HP: 7/7 MP: 5/5
   242 | D:1      | Found a faded altar of an unknown god.
   333 | D:1      | Reached skill level 1 in Unarmed Combat
   534 | D:1      | Reached XP level 2. HP: 12/12 MP: 4/7
   537 | D:1      | Learned a level 2 spell: Call Imp
   540 | D:1      | Learned a level 2 spell: Blink
   709 | D:1      | Reached skill level 1 in Fighting
  1358 | D:1      | Reached XP level 3. HP: 15/15 MP: 4/8
  2699 | D:2      | Reached XP level 4. HP: 19/19 MP: 1/9
  5371 | D:3      | Reached XP level 5. HP: 22/22 MP: 8/10
  5372 | D:3      | Noticed Terence
  5950 | D:3      | Found a shadowy altar of Dithmenos.
  6119 | D:3      | Got Sif Muna's Handbook of Contamination and Dislocation
  6405 | D:3      | Killed Terence
  7606 | D:4      | Learned a level 2 spell: Ensorcelled Hibernation
  7618 | D:5      | Entered Level 5 of the Dungeon
  7642 | D:5      | Reached skill level 1 in Conjurations
  7703 | D:5      | Reached skill level 1 in Hexes
  7703 | D:5      | Gained mutation: You are covered in thick fur. (AC +2)
                  | [Felid growth]
  7703 | D:5      | Reached XP level 6. HP: 24/26 MP: 5/11
  8394 | D:5      | Found Lehoifoh's Firing Range.
  8475 | D:5      | Reached XP level 7. HP: 13/30 MP: 0/12
  9506 | D:5      | Found a basalt altar of Yredelemnul.
  9545 | D:5      | Reached skill level 1 in Evocations
 10628 | D:6      | Noticed Sigmund
 10900 | D:6      | HP: 1/30 [poisoned by a water moccasin]
 10903 | D:6      | Reached XP level 8. HP: 4/33 MP: 2/13
 11603 | D:7      | Found a staircase to the Ecumenical Temple.
 11615 | D:7      | Reached skill level 5 in Stealth
 11624 | Temple   | Entered the Ecumenical Temple
 12350 | D:7      | Reached skill level 5 in Dodging
 12413 | D:7      | Found a transporter.
 12415 | D:7      | Found an opulent altar of Gozag.
 12693 | D:7      | Found Nam Ycse's Antique Armour Boutique.
 12771 | D:7      | Noticed Goblin1989's ghost (weakling DsDe)
 12772 | D:7      | Found a transporter.
 12775 | D:7      | Noticed a two-headed ogre
 12806 | D:7      | Found Urer's Overcharged Wands.
 12830 | D:7      | Identified the +3 leather armour "Emaonege" {+Blink Will+++
                  | Int-3 Slay-3 SInv}
 13288 | D:8      | Noticed Joseph
 13306 | D:8      | Noticed a hornet
 13321 | D:8      | Succumbed to a hornet's poison
 13322 | D:8      | Reached XP level 7. HP: -1/31 MP: 4/12
 13322 | D:8      | Quit the game

Illustrated notes

Levels and vault maps discovered:
D:1:      eino_arrival_cavern_a, layout_loops_ring,
          chequers_ecumenical_altar_simple_redux, serial_park_tiny_2,
          chequers_serial_rivers_large_a, chequers_serial_rivers_small_3,
          st_stairs_5, minmay_crystal_room
D:2:      layout_basic
D:3:      layout_basic, mainiacjoe_overflow_boulevard, uniq_terence
D:4:      layout_gridville
D:5:      layout_basic, marbit_many_paths, nicolae_shop_firing_range
D:6:      layout_basic, uniq_sigmund
D:7:      layout_loops_ring, lemuel_doored_altar,
          minmay_temple_entry_junction_2, serial_shops, kennysheep_mini,
          gammafunk_ghost_smash, minivault_25, nicolae_shop_overcharged_wands
D:8:      layout_cave_pods, mainiacjoe_overflow_chevrons,
          nicolae_uskayaw_dance_studio, uniq_maggie, uniq_joseph
Temple:   compressed_dpeg_triangle_lava_temple

Skill      XL: |  1  2  3  4  5  6  7  8 |
---------------+-------------------------+-----
Unarmed Combat | 1 2 3 4 |  4.9
Fighting       | 1 2 3 |  3.4
Stealth        | 4 5 |  5.8
Dodging        | 4 5 |  5.5
Conjurations   | 1 2 4 |  4.8
Hexes          | 1 4 |  4.0
Translocations | 2 |  2.0
Summonings     | 2 |  2.0
Evocations     | 4 |  4.0
Spellcasting   | |  3.0

Action                   |  1- 3 |  4- 6 |  7- 9 || total
-------------------------+-------+-------+-------++-------
Melee: Unarmed           |    65 |   117 |   138 ||   320
       Bite              |     4 |    12 |    13 ||    29
       Punch             |       |     2 |     1 ||     3
 Cast: Magic Dart        |    87 |    89 |    11 ||   187
       Call Imp          |    10 |    72 |    66 ||   148
       Blink             |       |     3 |     4 ||     7
       Ensorcelled Hiber |       |       |     3 ||     3
Evoke: Wand              |       |     1 |     5 ||     6
  Use: Scroll            |     5 |     5 |     4 ||    14
       Potion            |       |       |     2 ||     2
 Stab: Sleeping          |       |     2 |     3 ||     5
       Distracted        |       |     1 |     3 ||     4
Armor: Skin              |     8 |     7 |    11 ||    26
Dodge: Dodged            |    47 |   101 |   137 ||   285

Table legend: (Time is in decaauts)
 A = Elapsed time spent in this place.
 B = Non-inter-level travel time spent in this place.
 C = Inter-level travel time spent in this place.
 D = Time resting spent in this place.
 E = Time spent auto-exploring this place.
 F = Levels seen in this place.
 G = Mean time per level.
                   A        B        C        D        E       F      G
               +--------+--------+--------+--------+--------+-----+--------+
         Total |  12268 |  11863 |    405 |   4952 |   5212 |   9 | 1363.1 |
       Dungeon |  12040 |  11644 |    396 |   4952 |   4999 |   8 | 1505.0 |
        Temple |    227 |    218 |      9 |      0 |    213 |   1 |  227.0 |
               +--------+--------+--------+--------+--------+-----+--------+

Top non-repeatable levels by time:
     D:2: 2682 daAuts
     D:1: 2215 daAuts
     D:4: 1827 daAuts
     D:5: 1587 daAuts
     D:6: 1355 daAuts
     D:3: 1153 daAuts
     D:7: 1022 daAuts
  Temple: 227 daAuts
     D:8: 195 daAuts
